 Dungeon Crawl Stone Soup version 0.24-a0-582-g4d4af813a0 (webtiles) character file.

Game seed: 2216972190201607080

69 Argons the Grasshopper (level 4, 21/21 HPs)
             Began as a Felid Warper on Aug 26, 2019.
             Quit the game on level 3 of the Dungeon.
             The game lasted 00:22:34 (4844 turns).

Argons the Grasshopper (Felid Warper)               Turns: 4844, Time: 00:22:35

Health: 21/21      AC:  1    Str:  7    XL:     4   Next: 2%
Magic:  8/8        EV: 18    Int: 14    God:
Gold:   121        SH:  0    Dex: 17    Spells: 3/7 levels left
                                        Lives:  0   Deaths: 1

rFire    . . .     SeeInvis +     - Unarmed
rCold    . . .     Gourm    .   (shield unavailable)
rNeg     . . .     Faith    .   (armour unavailable)
rPois    .         Spirit   .   (helmet unavailable)
rElec    .         Reflect  .   (cloak unavailable)
rCorr    .         Harm     .   (gloves unavailable)
MR       .....                  (boots unavailable)
Stlth    +++.......             (no amulet)
HPRegen  0.07/turn              (no ring)
MPRegen  0.11/turn              (no ring)

@: quick
A: very small, no armour, no weapons or thrown items, stealth, claws 1, fangs 3,
see invisible, carnivore, speed 1, shaggy fur 1, slow metabolism 1, sharp paws
a: no special abilities


You were on level 3 of the Dungeon.
You were not hungry.

You visited 1 branch of the dungeon, and saw 4 of its levels.

You collected 121 gold pieces.

Inventory:

Scrolls
 a - 3 scrolls of enchant weapon {unknown}
 b - a scroll of blinking
 g - a scroll of identify {unknown}
 h - a scroll of magic mapping
 k - a scroll of teleportation
Potions
 d - a potion of resistance {unknown}
 e - a potion of brilliance {unknown}
 f - a potion of heal wounds {unknown}
 i - 2 potions of lignification {unknown}
Comestibles
 c - 5 rations


   Skills:
 + Level 3.4 Fighting
 - Level 3.2 Dodging
 + Level 3.7 Stealth
 + Level 3.3 Unarmed Combat
 - Level 2.0 Spellcasting
 - Level 4.4 Translocations


You had 3 spell levels left.
You knew the following spells:

 Your Spells              Type           Power        Failure   Level  Hunger
a - Shroud of Golubria    Chrm/Tloc      #.....       14%         2    ###....
b - Blink                 Tloc           N/A          6%          2    ###....

Your spell library contained the following spells:

 Spells                   Type           Power        Failure   Level  Hunger
 Gell's Gravitas          Tloc           ##........   12%         3    ####...
 Lesser Beckoning         Tloc           ##........   12%         3    ####...
 Teleport Other           Tloc           ##......     12%         3    ####...
 Passage of Golubria      Tloc           N/A          36%         4    #####..


Dungeon Overview and Level Annotations

Branches:
Dungeon (4/15)
 Temple: D:4-7

Altars:
Fedhas
Gozag

Annotations:
D:2 sky beast


Innate Abilities, Weirdness & Mutations

You cannot wear armour.
You are incapable of wielding weapons or throwing items.
Your paws allow you to move quietly. (Stealth)
You have sharp claws.
You have razor-sharp teeth.
You have supernaturally acute eyesight. (SInv)
You are carnivorous and can eat meat at any time.
You cover ground quickly.
You are covered in fur. (AC +1)
You have a slow metabolism.
Your sharp claws are effective at attacking unaware monsters.


Message History

You scratch the orc priest but do no damage.
The orc priest is heavily wounded.
The orc priest hits you with a +1 dagger of speed.
* * * LOW HITPOINT WARNING * * *
You barely miss the orc priest.
The orc priest is heavily wounded.
The orc priest hits you with a +1 dagger of speed.
* * * LOW HITPOINT WARNING * * *
Okay, then.
You closely miss the orc priest.
You bite the orc priest, but do no damage.
The orc priest is heavily wounded.
The orc priest hits you but does no damage.
You scratch the orc priest.
The orc priest is severely wounded.
The orc priest hits you with a +1 dagger of speed.
You die...
You are now level 4!
You rejoin the land of the living...
Are you sure you want to abandon this character and quit the game? (Confirm with "yes".)

># ####.#.PP..# ###g# o#
#.#PPP..# #.# .# #)#PP_PP# #.# .#
###.#..PPP# #.# .# ##.....PPP.#
#.# .######## ##g...####..# #.#
........# ##.#.#.## #.## #.#
.######.######.##.#..###.######.#
.# #.........@...............# .#
########.##.#..############ .#
##.#.#.## .# ##....#####
.######### ##.#.....#
.........########.#.###.##
#....####.))...≈≈...≈≈#..#
.....#≈≈###......≈≈≈...#.#
####.##≈##..≈.≈..≈.≈...≈.##


There were no monsters in sight!

Vanquished Creatures
  4 gnolls (D:3)
  2 adders
  A worm (D:2)
  3 leopard geckos
  3 orcs (D:3)
  7 bats
  7 giant cockroaches
  7 goblins
  7 hobgoblins
  A ball python (D:3)
  16 frilled lizards
  9 kobolds
  13 rats
80 creatures vanquished.

Vanquished Creatures (others)
  A plant (D:1)
1 creature vanquished.

Grand Total: 81 creatures vanquished

Notes
Turn   | Place    | Note
-------+----------+-------------------------------------------
     0 | D:1      | Argons the Felid Warper began the quest for the Orb.
     0 | D:1      | Reached XP level 1. HP: 9/9 MP: 4/4
   407 | D:1      | Reached skill level 1 in Stealth
   569 | D:1      | Reached XP level 2. HP: 13/13 MP: 6/6
  1501 | D:1      | Reached XP level 3. HP: 14/16 MP: 7/7
  1846 | D:2      | Found an opulent altar of Gozag.
  1913 | D:2      | Learned a level 2 spell: Shroud of Golubria
  1917 | D:2      | Learned a level 2 spell: Blink
  2077 | D:2      | Noticed a sky beast
  2255 | D:3      | Found a blossoming altar of Fedhas.
  2304 | D:3      | Reached XP level 4. HP: 17/21 MP: 8/8
  4821 | D:3      | Reached XP level 5. HP: 24/24 MP: 9/9
  4843 | D:3      | Slain by an orc priest
  4844 | D:3      | Reached XP level 4. HP: -4/21 MP: 8/8
  4844 | D:3      | Quit the game

Levels and vault maps discovered:
D:1:      saegor_arrival_simple_a, layout_basic, minmay_lizard_king
D:2:      minmay_door_path, layout_basic, nicolae_gozag_seed_capital,
          item_on_display_a
D:3:      layout_loops_ring, fedhas_altar_3, first_ration,
          chequers_serial_rivers_small_3
D:4:      layout_layer_cave

Skill      XL: |  1  2  3  4 |
---------------+-------------+-----
Stealth        | 1 2 3 |  3.7
Fighting       | 3 |  3.4
Unarmed Combat | 3 |  3.3
Dodging        | |  3.2
Spellcasting   | |  2.0
Translocations | |  4.4

Action                   |  1- 3 |  4- 6 || total
-------------------------+-------+-------++-------
Melee: Unarmed           |   136 |   165 ||   301
       Bite              |     9 |    18 ||    27
       Punch             |     2 |     1 ||     3
 Cast: Shroud of Golubri |     1 |     3 ||     4
  Use: Scroll            |     2 |       ||     2
 Stab: Sleeping          |    11 |     2 ||    13
       Distracted        |     2 |       ||     2
  Eat: Chunk             |    10 |     5 ||    15
Armor: Skin              |     4 |     8 ||    12
Dodge: Dodged            |    75 |   110 ||   185

Table legend:
 A = Non-vault XP
 B = Vault XP
 C = Vault XP percentage of total XP
 D = Non-vault monster count
 E = Vault monster count
 F = Vault count percentage of total count
                 A         B        C        D         E       F
            +---------+---------+-------+---------+---------+-------
      Total |     182 |      18 |   9.0 |      64 |      16 |  20.0
            +---------+---------+-------+---------+---------+-------
        D:1 |      34 |      13 |  27.7 |      21 |      11 |  34.4
        D:2 |      45 |       5 |  10.0 |      20 |       5 |  20.0
        D:3 |     103 |       0 |   0.0 |      23 |       0 |   0.0
            +---------+---------+-------+---------+---------+-------
